 Dungeon Crawl Stone Soup version 0.25.1-1-g288607f5aa (webtiles) character file.

Game seed: 16935683197172223441

212 graki42 the Slasher (level 5, -4/49 HPs)
             Began as a Naga Fighter on July 29, 2020.
             Slain by an ogre
             ... wielding a +0 giant club
              (23 damage)
             ... on level 3 of the Dungeon.
             The game lasted 00:06:38 (2708 turns).

graki42 the Slasher (Naga Fighter)                  Turns: 2708, Time: 00:06:39

Health: -4/49      AC:  7    Str: 19    XL:     5   Next: 89%
Magic:  5/5        EV:  3    Int:  8    God:
Gold:   158        SH:  9    Dex: 11    Spells: 4/4 levels left

rFire    . . .     SeeInvis +   a - +0 long sword
rCold    . . .     Gourm    .   c - +0 kite shield
rNeg     . . .     Faith    .   i - +0 chain mail
rPois    +         Spirit   .   (no helmet)
rElec    .         Reflect  .   b - +0 cloak
rCorr    .         Harm     .   (no gloves)
MR       .....                  (no barding)
Stlth    ..........             (no amulet)
HPRegen  0.16/turn              (no ring)
MPRegen  0.09/turn              (no ring)

@: mighty, very slow
A: large, see invisible, deformed body, poison resistance, slowness 2, slow
metabolism 1, spit poison 1, AC +1
a: Spit Poison


You were on level 3 of the Dungeon.
You were hungry.

You visited 1 branch of the dungeon, and saw 3 of its levels.

You collected 158 gold pieces.

Inventory:

Hand Weapons
 a - a +0 long sword (weapon)
Armour
 b - a +0 cloak (worn)
 c - a +0 kite shield (worn)
 i - a +0 chain mail (worn)
Scrolls
 e - a scroll of random uselessness {unknown}
 g - 4 scrolls of identify {unknown}
 j - 3 scrolls of teleportation {unknown}
 k - a scroll of immolation {unknown}
 n - 3 scrolls of enchant armour {unknown}
Potions
 h - a potion of flight {unknown}
 m - a potion of mutation {unknown}
Comestibles
 f - 6 rations


   Skills:
 + Level 3.5 Fighting
 + Level 4.0 Long Blades
 + Level 3.1 Armour
 + Level 0.8 Dodging
 + Level 3.2 Shields


You had 4 spell levels left.
You didn't know any spells.
Your spell library was empty.

Dungeon Overview and Level Annotations

Branches:
Dungeon (3/15)

Altars:
Elyvilon


Innate Abilities, Weirdness & Mutations

You cannot wear boots.
Your serpentine skin is tough. (AC +1)
You have supernaturally acute eyesight. (SInv)
Armour fits poorly on your strangely shaped body.
Your system is resistant to poisons. (rPois)
You cover ground very slowly.
You have a slow metabolism.
You can spit poison.


Message History

Ouch! That really hurt!
You block the rat's attack.
You hit the ogre but do no damage.
The ogre is moderately wounded.
The ogre hits you with a +0 giant club!
* * * LOW HITPOINT WARNING * * *
The rat bites you.
* * * LOW HITPOINT WARNING * * *
You aren't wearing any rings or amulets.
You aren't wearing any rings or amulets.
Okay, then.
It was a potion of heal wounds.
You feel much better. You block the rat's attack. You block the ogre's attack.
You feel very mighty all of a sudden. The rat bites you.
The ogre hits you with a +0 giant club!
You barely miss the ogre.
The ogre is moderately wounded.
You block the rat's attack.
The ogre hits you with a +0 giant club!!
You die...

### #.. #[#
#.# #.# #O#
#@#
#r######.##.
#.>...r.....
#...........
#.######.##.
#.# # #.#
#.# ...


You could see an ogre and a rat.

Vanquished Creatures
  A bullfrog (D:3)
  2 orc wizards (D:3)
  3 adders
  An ooze (D:2)
  3 dart slugs
  3 leopard geckos
  2 orcs (D:3)
  A ball python (D:2)
  2 giant cockroaches
  4 goblins
  9 hobgoblins
  6 kobolds
  2 quokkas (D:2)
  5 bats
  7 frilled lizards
  8 rats
59 creatures vanquished.

Notes
Turn   | Place    | Note
-------+----------+-------------------------------------------
     0 | D:1      | graki42 the Naga Fighter began the quest for the Orb.
     0 | D:1      | Reached XP level 1. HP: 21/21 MP: 1/1
   348 | D:1      | Reached XP level 2. HP: 16/28 MP: 2/2
   625 | D:1      | You fall into a shaft and drop 1 floor!
   773 | D:2      | Reached XP level 3. HP: 33/34 MP: 3/3
  1569 | D:2      | Reached XP level 4. HP: 40/42 MP: 4/4
  1604 | D:2      | Reached skill level 3 in Long Blades
  1939 | D:2      | Found a white marble altar of Elyvilon.
  2302 | D:3      | Reached XP level 5. HP: 36/49 MP: 5/5
  2492 | D:3      | Noticed an ogre
  2498 | D:3      | Reached skill level 4 in Long Blades
  2708 | D:3      | Slain by an ogre

Illustrated notes

Levels and vault maps discovered:
D:1:      giann_bridges, layout_loops_ring, minmay_misc_feat_cross,
          minmay_misc_feat_columns
D:2:      layout_loops_ring, nicolae_overflow_crystal_walls, grunt_decor_clamped
D:3:      layout_loops_ring, nicolae_qazlal_general_emergency, uniq_robin

Skill      XL: |  1  2  3  4  5 |
---------------+----------------+-----
Long Blades    | 3 4 |  4.0
Armour         | 3 |  3.1
Shields        | 3 |  3.2
Fighting       | |  3.5
Dodging        | |  0.8

Action                   |  1- 3 |  4- 6 || total
-------------------------+-------+-------++-------
Melee: Long sword        |   153 |   119 ||   272
  Use: Potion            |       |     2 ||     2
  Eat: Chunk             |     1 |     3 ||     4
Armor: Scale mail        |     8 |       ||     8
       Chain mail        |    75 |    63 ||   138
Dodge: Dodged            |    34 |    13 ||    47
Block: Kite shield       |    77 |    61 ||   138
       Rpst.: Long sword |    13 |     3 ||    16
